 Dungeon Crawl Stone Soup version 0.20.0-15-g7f486f2 (webtiles) character file.

7248 GordonOverkill the Swashbuckler (level 11, 0/60 HPs)
             Began as a Kobold Assassin on June 10, 2017.
             Was an Elder of Trog.
             Slain by a vampire
             ... wielding a +0 trident
              (12 damage)
             ... on level 9 of the Dungeon.
             The game lasted 00:33:28 (12320 turns).

GordonOverkill the Swashbuckler (Kobold Assassin)  Turns: 12320, Time: 00:33:28

Health: 0/60       AC: 12    Str: 12    XL:     11   Next: 33%
Magic:  11/11      EV: 12    Int: 13    God:    Trog [****..]
Gold:   572        SH:  0    Dex: 16    Spells: 10/10 levels left

rFire    . . .     SeeInvis .   a - +3 scimitar (freeze)
rCold    . . .     Gourm    .   (shield restricted)
rNeg     . . .     Faith    .   K - +2 ring mail {rPois}
rPois    +         Spirit   .   u - +0 helmet of a Million Curses {rElec rCorr}
rElec    +         Reflect  .   d - +0 cloak
rCorr    +         Harm     .   s - +1 pair of gloves
MR       +....                  i - +0 pair of boots
Stlth    +++.......             G - amulet of regeneration
Regen    0.6/turn               v - ring of protection from magic
MPRegen  0.2/turn               (no ring)

@: berserk cooldown, slowed, very slow
A: carnivore 3
a: Berserk, Trog's Hand, Brothers in Arms, Burn Spellbooks, Renounce Religion


You were on level 9 of the Dungeon.
You worshipped Trog.
Trog was greatly pleased with you.
You were very full.

You visited 1 branch of the dungeon, and saw 9 of its levels.
You also visited: Ossuary.

You collected 572 gold pieces.

Inventory:

Hand Weapons
 a - a +3 scimitar of freezing (weapon)
 b - a +0 blowgun
 w - a +0 hunting sling
 z - a +2 dagger
 I - a +5 scimitar
Missiles
 e - 28 poisoned needles
 f - a curare-tipped needle
 k - 192 stones (quivered)
 n - 124 sling bullets
Armour
 d - a +0 cloak (worn)
 i - a +0 pair of boots (worn)
 o - a +1 chain mail of magic resistance
 s - a +1 pair of gloves (worn)
 u - the +0 helmet of a Million Curses (worn) {rElec rCorr}
   (You took it off Robin on level 2 of the Dungeon)

   It insulates you from electricity.
   It protects you from acid and corrosion.
 K - a +2 ring mail of poison resistance (worn)
Jewellery
 v - a ring of protection from magic (left hand)
 G - an amulet of regeneration (around neck)
Wands
 j - a wand of digging (3/24)
 q - a wand of acid (10/15)
 y - a wand of lightning (4/15)
 A - a wand of acid (4/15)
 J - a wand of flame (27/48)
Scrolls
 m - 7 scrolls of remove curse
 p - 2 scrolls of blinking
 r - a scroll of enchant armour
 F - a scroll of immolation
 L - a scroll of teleportation
 M - a scroll of magic mapping
Potions
 c - a potion of ambrosia
 h - a potion of flight
 t - 2 potions of cancellation
 x - 2 potions of magic
 B - 2 potions of lignification
 C - 4 potions of curing
 D - a potion of agility {unknown}
 E - a potion of mutation {unknown}
Comestibles
 g - 6 meat rations
 l - 10 royal jellies
 H - 7 chunks of flesh


   Skills:
 + Level 3.7 Fighting
 * Level 16.3 Short Blades
 - Level 10.2 Throwing
 - Level 1.2 Dodging
 - Level 7.6 Stealth


You had 10 spell levels left.
You didn't know any spells.

Dungeon Overview and Level Annotations

Branches:
Dungeon (9/15)             Temple (0/1) D:7             Orc (0/2) D:9
   Lair: D:8-11

Altars:
Cheibriados
Fedhas
Makhleb
Ru
Sif Muna
Trog
Vehumet
Yredelemnul

Shops:
D:6 *


Innate Abilities, Weirdness & Mutations

You are small and have problems with some larger weapons.
You are carnivorous and can eat meat at any time.


Message History

Something draws strength from your injuries!
You barely miss something. You barely miss something. Something hits you!
Something bites you but does no damage.
You barely miss something.
You are no longer berserk.
You are exhausted.
You feel yourself slow down. Something hits you but does no damage.
Something bites you.
Something draws strength from your injuries!
You hit something but do no damage. Something hits you.
Something barely misses you.
You hit something but do no damage.
Unholy energy fills the air.
Something hits you.
* * * LOW HITPOINT WARNING * * *
Something bites you but does no damage.
You closely miss something. Something hits you.
* * * LOW HITPOINT WARNING * * *
Something bites you!
You die...

#....#### ###.....#
##..##.... #....# ## #.##.#
########### #. #(##
#.≈...#.... .##.##.)######
#≈....#....
...V(..)).{..#####..........
..#######..@...#.#........))
###.##.#!#.#...>....
#.####!#.#.....[..
#.####!'.#........
#....#############
#......###........
#......##.........
#......##.........
#......##.........


There were no monsters in sight!

Vanquished Creatures
  2 two-headed ogres (D:8)
  A spriggan (D:7)
  4 soldier ants (D:7)
  3 water moccasins (D:7)
  4 orc warriors
  2 sky beasts
  A swamp drake (D:9)
  An ice beast (D:8)
  A phantom (D:7)
  A centaur (D:6)
  5 ogres
  4 elf zombies (Ossuary)
  7 bullfrogs
  4 scorpions
  13 killer bees
  18 wights
  2 howler monkeys
  5 crimson imps
  A quasit (D:5)
  Crazy Yiuf (D:6)
  A centaur skeleton (D:3)
  2 hounds
  A jelly (D:7)
  4 orc priests (D:9)
  6 orc wizards
  A bullfrog skeleton (D:7)
  5 iguanas
  8 worker ants
  A killer bee zombie (D:7)
  A big kobold zombie (Ossuary)
  A hound zombie (Ossuary)
  2 hound skeletons
  3 mummies (Ossuary)
  Robin (D:2)
  16 adders
  2 shadow imps
  An ooze (D:5)
  2 adder zombies
  An adder skeleton (D:4)
  5 worms
  3 dart slugs
  7 leopard geckos
  27 orcs
  13 bats
  6 giant cockroaches
  A gnoll zombie (Ossuary)
  12 goblins
  12 hobgoblins
  4 jackals (D:4)
  7 quokkas
  6 frilled lizards
  5 goblin zombies (Ossuary)
  6 hobgoblin zombies (Ossuary)
  7 jackal zombies (Ossuary)
  12 kobolds
  3 kobold zombies (Ossuary)
  A leopard gecko skeleton (D:4)
  4 orc zombies (Ossuary)
  4 quokka zombies (Ossuary)
  7 rats
291 creatures vanquished.

Notes
Turn   | Place    | Note
-------+----------+-------------------------------------------
     0 | D:1      | GordonOverkill the Kobold Assassin began the quest for the Orb.
     0 | D:1      | Reached XP level 1. HP: 12/12 MP: 1/1
     3 | D:1      | Noticed an electric eel
     3 | D:1      | Noticed an electric eel
    77 | D:1      | Reached skill level 3 in Short Blades
   349 | D:1      | Reached XP level 2. HP: 17/17 MP: 2/2
   634 | D:1      | Reached XP level 3. HP: 21/21 MP: 3/3
  1288 | D:2      | Reached skill level 4 in Short Blades
  1288 | D:2      | Reached XP level 4. HP: 20/26 MP: 4/4
  1662 | D:2      | Noticed Robin
  1696 | D:2      | Killed Robin
  1700 | D:2      | Got a slimy helmet
  1723 | D:2      | Identified the cursed +0 helmet of a Million Curses {rElec rCorr} (You took it off Robin on level 2 of the Dungeon)
  1938 | D:2      | Found a snail-covered altar of Cheibriados.
  2123 | D:2      | Reached XP level 5. HP: 23/30 MP: 5/5
  2444 | D:2      | Reached skill level 5 in Short Blades
  3083 | D:3      | Reached XP level 6. HP: 35/35 MP: 6/6
  3649 | D:4      | Found a sand-covered staircase.
  3657 | Ossuary  | Entered an ossuary
  3732 | Ossuary  | Reached skill level 6 in Short Blades
  4156 | Ossuary  | Reached XP level 7. HP: 20/40 MP: 7/7
  4562 | Ossuary  | Reached skill level 7 in Short Blades
  4640 | Ossuary  | Reached skill level 5 in Throwing
  5272 | D:4      | Found a deep blue altar of Sif Muna.
  5272 | D:4      | Found a bloodstained altar of Trog.
  5272 | D:4      | Found a radiant altar of Vehumet.
  5739 | D:4      | Became a worshipper of Trog the Wrathful
  5988 | D:4      | Reached skill level 8 in Short Blades
  5988 | D:4      | Reached XP level 8. HP: 44/44 MP: 8/8
  6017 | D:5      | Entered Level 5 of the Dungeon
  6060 | D:5      | Found a blossoming altar of Fedhas.
  7025 | D:6      | Reached skill level 9 in Short Blades
  7753 | D:6      | Reached skill level 10 in Short Blades
  7847 | D:6      | Reached * piety under Trog
  7927 | D:6      | Found a sacrificial altar of Ru.
  7965 | D:6      | Reached XP level 9. HP: 48/48 MP: 9/9
  8256 | D:6      | Found a runed door.
  8260 | D:6      | Noticed Crazy Yiuf
  8265 | D:6      | Killed Crazy Yiuf
  8528 | D:6      | Found Udiadeo's General Store.
  8646 | D:6      | Reached skill level 11 in Short Blades
  8673 | D:7      | Found a basalt altar of Yredelemnul.
  9009 | D:6      | Reached skill level 12 in Short Blades
  9064 | D:7      | Reached ** piety under Trog
  9405 | D:7      | Found a staircase to the Ecumenical Temple.
  9520 | D:7      | Found a runed gate.
  9521 | D:7      | Found a runed door.
  9531 | D:7      | Found a runed gate.
  9531 | D:7      | Found a runed gate.
  9535 | D:7      | Found a runed door.
  9553 | D:7      | Reached skill level 13 in Short Blades
  9553 | D:7      | Reached XP level 10. HP: 53/53 MP: 10/10
  9871 | D:7      | Found a burning altar of Makhleb.
 10101 | D:7      | Reached skill level 14 in Short Blades
 10745 | D:8      | Noticed a two-headed ogre
 10752 | D:8      | Killed a two-headed ogre
 10752 | D:8      | Reached skill level 15 in Short Blades
 10867 | D:8      | Reached XP level 11. HP: 47/57 MP: 11/11
 11001 | D:8      | Noticed a two-headed ogre
 11014 | D:8      | Killed a two-headed ogre
 11014 | D:8      | Reached skill level 10 in Throwing
 11303 | D:8      | Reached *** piety under Trog
 11761 | D:9      | Reached skill level 16 in Short Blades
 11836 | D:9      | Found a staircase to the Orcish Mines.
 12282 | D:9      | Reached **** piety under Trog
 12320 | D:9      | Slain by a vampire

Skill      XL: |  1  2  3  4  5  6  7  8  9 10 11 |
---------------+----------------------------------+-----
Short Blades   | 3 4 5 6 8 10 13 15 16 | 16.3
Stealth        | 6 7 |  7.6
Throwing       | 3 4 5 6 8 9 10 | 10.2
Fighting       | 3 |  3.7
Dodging        | |  1.2

Action                   |  1- 3 |  4- 6 |  7- 9 | 10-12 || total
-------------------------+-------+-------+-------+-------++-------
Melee: Dagger            |    67 |   363 |   741 |    12 ||  1183
       Scimitar          |       |       |    14 |   267 ||   281
 Fire: Blowgun           |    37 |    75 |    82 |    17 ||   211
       Hunting sling     |       |       |     8 |       ||     8
Throw: Stone             |     2 |     1 |       |       ||     3
Invok: Berserk           |       |       |    10 |    12 ||    22
       Burn Spellbooks   |       |       |     1 |       ||     1
       Trog's Hand       |       |       |       |     3 ||     3
  Use: Scroll            |       |     9 |    11 |     3 ||    23
       Potion            |       |       |     4 |     2 ||     6
 Stab: Sleeping          |     1 |     5 |     7 |     2 ||    15
       Distracted        |     1 |       |       |       ||     1
       Confused          |       |       |       |     1 ||     1
  Eat: Chunk             |     9 |     9 |    26 |    21 ||    65
Armor: Ring mail         |    26 |    98 |    52 |     8 ||   184
       Scale mail        |       |       |   188 |   112 ||   300
Dodge: Dodged            |    38 |   149 |   254 |   137 ||   578
       Rpst.: Scimitar   |       |       |     2 |    39 ||    41
